 Dungeon Crawl Stone Soup version 0.32-a0-799-g95e1662365 (webtiles) character file.

Game seed: 2048380648767176256

74495 croobank the Reanimator (level 14, -1/121 HPs)
             Began as a Demigod Necromancer on Mar 20, 2024.
             Killed from afar by an ice statue (21 damage)
             ... with a shard of ice
             ... in an ice cave on Mar 21, 2024.
             The game lasted 02:19:58 (24647 turns).

croobank the Reanimator (Demigod Necromancer)      Turns: 24647, Time: 02:19:59

Health: -1/121     AC: 15    Str:  5    XL:     14   Next: 65%
Magic:  20/32      EV: 13    Int: 38    God:
Gold:   904        SH:  6    Dex: 14    Spells: 9/32 levels left

rFire   + . .        k - +5 falchion "Cyjeawn" {freeze, Fly Str-4 Int+2}
rCold   + + +        Z - +2 buckler {rC+}
rNeg    + + .        Q - +1 leather armour {rC+}
rPois   +            f - +2 hat {SInv}
rElec   +            K - +1 cloak
rCorr   +            G - +0 pair of gloves of the Comet {rN++ Int+3}
SInv    +            z - +1 pair of boots
Will    +....        (no amulet)
Stlth   ++++         d - ring of resist corrosion
HPRegen 0.40/turn    v - +4 ring of protection
MPRegen 0.23/turn

%: no passive effects
@: resistant, flying
A: high MP 1, forlorn, divine attributes
a: no special abilities


You were in an ice cave.
You visited 3 branches of the dungeon, and saw 19 of its levels.
You also visited: Gauntlet and Ice Cave.

You collected 1768 gold pieces.
You spent 864 gold pieces at shops.

Inventory:

Hand Weapons
 a - the +6 dagger "Ytosif" {pain, rElec rN+ Str+4}
   (You found it on level 3 of the Dungeon)

   Str+4:     It affects your strength (+4).
   rElec:     It insulates you from electricity.
   rN+:       It protects you from negative energy.
 k - the +5 falchion "Cyjeawn" (weapon) {freeze, Fly Str-4 Int+2}
   (You found it in a Gauntlet)

   Str-4:     It affects your strength (-4).
   Int+2:     It affects your intelligence (+2).
   Fly:       It grants you flight.
 o - a +0 long sword of holy wrath
 F - a +2 dagger of venom
Missiles
 j - 6 javelins
Armour
 f - a +2 hat of see invisible (worn)
 z - a +1 pair of boots (worn)
 G - the +0 pair of gloves of the Comet (worn) {rN++ Int+3}
   (You found it on level 6 of the Dungeon)

   Int+3:     It affects your intelligence (+3).
   rN++:      It greatly protects you from negative energy.
 K - a +1 cloak (worn)
 Q - a +1 leather armour of cold resistance (worn)
 Z - a +2 buckler of cold resistance (worn)
Jewellery
 d - a ring of resist corrosion (left hand)
 v - a +4 ring of protection (right hand)
 J - a ring of flight
 M - an amulet of magic regeneration
Wands
 b - a wand of mindburst (9)
 q - a wand of paralysis (19)
 s - a wand of digging (3)
 u - a wand of acid (3)
 C - a wand of flame (3)
 T - a wand of warping (9)
Scrolls
 g - 3 scrolls of fear
 h - 3 scrolls of noise
 y - a scroll of enchant weapon
 A - 10 scrolls of teleportation
 H - a scroll of revelation
 I - 13 scrolls of identify
 O - 2 scrolls of immolation
 S - a scroll of vulnerability
 W - a scroll of enchant armour
 Y - 2 scrolls of summoning
Potions
 c - a potion of haste
 m - 6 potions of curing
 p - 3 potions of enlightenment
 r - 5 potions of attraction
 R - 2 potions of cancellation
 V - 4 potions of lignification
Miscellaneous
 N - a box of beasts


   Skills:
 - Level 10.0 Fighting
 - Level 5.0(5.2) Short Blades
 + Level 2.5(4.1) Long Blades
 + Level 9.3 Dodging
 - Level 10.0 Stealth
 + Level 2.5 Shields
 + Level 9.5 Spellcasting
 * Level 3.7 Hexes
 + Level 7.8 Summonings
 - Level 10.0 Necromancy
 - Level 5.0 Translocations
 - Level 7.1 Fire Magic


You had 9 spell levels left.
You knew the following spells:

 Your Spells              Type           Power      Damage    Failure   Level
a - Necrotise             Necr           100%       1d9       1%          1
c - Call Canine Familiar  Summ           67%        N/A       1%          3
d - Summon Blazeheart Go  Fire/Summ      66%        N/A       3%          4
f - Summon Mana Viper     Hex/Summ       58%        N/A       17%         5
A - Animate Dead          Necr           76%        N/A       1%          4
B - Blink                 Tloc           100%       N/A       1%          2
N - Anguish               Hex/Necr       31%        N/A       3%          4

Your spell library contained the following spells:

 Spells                   Type           Power      Damage    Failure   Level
 Kiss of Death            Conj/Necr      100%       2d13      1%          1
 Summon Small Mammal      Summ           100%       N/A       1%          1
 Call Imp                 Summ           100%       N/A       1%          2
 Lesser Beckoning         Tloc           100%       N/A       1%          2
 Sublimation of Blood     Necr           76%        N/A       1%          2
 Fugue of the Fallen      Necr           76%        N/A       1%          3
 Vampiric Draining        Necr           76%        2d11      1%          3
 Volatile Blastmotes      Fire/Tloc      100%       2d18      1%          3
 Dispel Undead            Necr           76%        3d25      1%          4
 Martyr's Knell           Necr/Summ      72%        N/A       1%          4
 Momentum Strike          Conj/Tloc      74%        3d10      3%          2
 Summon Ice Beast         Ice/Summ       47%        N/A       3%          3
 Curse of Agony           Necr           76%        N/A       3%          5
 Ensorcelled Hibernation  Hex/Ice        64%        N/A       4%          2
 Confusing Touch          Hex            46%        N/A       4%          3
 Magic Dart               Conj           72%        1d6       6%          1
 Sting                    Conj/Alch      72%        1d7       6%          1
 Mercury Vapours          Alch/Air       36%        N/A       10%         2
 Searing Ray              Conj           36%        2d5       10%         2
 Iskenderun's Mystic Bla  Conj/Tloc      37%        2d9       22%         4
 Fulminant Prism          Conj/Alch      9%         3d6       54%         4
 Olgreb's Toxic Radiance  Alch           18%        N/A       54%         4
 Monstrous Menagerie      Summ           33%        N/A       91%         7
 Summon Hydra             Summ           33%        N/A       91%         7


Dungeon Overview and Level Annotations

Branches:
Dungeon (13/15)            Temple (0/1) D:5            Lair (5/5) D:10
  Swamp (0/4) Lair:3       Spider (0/4) Lair:2        Slime (0/5) Lair:5
    Orc (1/2) D:12          IceCv (1/1)             Gauntlet (visited)
 Vaults: D:13-14

Shops:
D:1 ?   D:3 [   D:4 ?   D:6 (!(   D:8 =   D:10 !   D:11 ?

Annotations:
D:7 3 runed translucent doors, Fodor's ghost, novice MiFi
D:9 !Harold, Harold
D:12 3 runed translucent doors, Nuqaaja's ghost, journeyman GnWn IceCv exclusion: ice statue


Innate Abilities, Weirdness & Mutations

You have an increased reservoir of magic. (+10% MP)
You shall have no god before yourself.
Your divine heritage dramatically boosts your attributes as you level up.


Message History

Casting: Summon Mana Viper (dangerous; 17% risk of failure)
Confirm with . or Enter, or press ? or * to list all spells.
Okay, then.
Okay, then.
You feel protected.
You are engulfed in freezing vapours.
You resist.
* * * LOW HITPOINT WARNING * * *
The ice beast hits you but does no damage.
Your mana viper is engulfed in freezing vapours.
Your mana viper seems to slow down.
Your mana viper bites the ice beast!
The ice beast hits you but does no damage.
Okay, then.
Blink to where?
Press: ? - help, Dir - move target
As you read the scroll of blinking, it crumbles to dust.
The ice beast hits your mana viper. The ice beast freezes your mana viper!
Your mana viper seems to slow down.
Your mana viper is engulfed in freezing vapours.
Your mana viper seems to slow down.
Your mana viper bites the ice beast.
Casting: Summon Mana Viper (dangerous; 17% risk of failure)
Confirm with . or Enter, or press ? or * to list all spells.
A fiery spirit appears, bound in slag iron.
The ice beast closely misses your mana viper.
The ice statue glitters chillingly in the dim dungeon light.
Your mana viper is engulfed in freezing vapours.
Your mana viper barely misses the ice beast.
The ice beast hits your mana viper. The ice beast freezes your mana viper!
Your mana viper seems to slow down.
You feel better.
The ice beast hits your mana viper but does no damage.
Your mana viper is engulfed in freezing vapours.
Your mana viper dies!
Your mana viper disappears in a puff of smoke!
You hit the ice statue but do no damage.
The ice statue is lightly damaged.
The ice statue gestures at you. The shard of ice hits you!!
You partially resist.
You die...

.# .. ... ##.#
##.. #..# #...
### #..# ##..
##.####.# #...
#...##..#. #..#
#∩∩.....#.. #.9#
#...##..#...#.@##
##.####.##..##YI#
### #..#.. #Y.##
.#
#..##.##...#...#
##..#..#.......#
#..#....#....##
#..##...#....#
##..#...##..##
#..##..°##.#


You could see an ice statue (ally target), 2 ice beasts and a friendly
blazeheart golem (summoned).

Vanquished Creatures
  Gastronok (D:8)
  A minotaur (Gauntlet)
  Fannar (D:11)
  A hydra (Lair:3)
  A catoblepas (Lair:1)
  4 centaur warriors
  A boulder beetle (D:13)
  A two-headed ogre (D:10)
  A deep troll shaman (Lair:5)
  12 death yaks
  Lodul (D:13)
  An orc knight (Orc:1)
  An ugly thing (D:12)
  2 cyclopes
  12 elephants
  3 cane toads
  2 kobold demonologists
  A death yak zombie (Lair:5)
  2 komodo dragons
  6 trolls
  A polar bear (Lair:5)
  A dream sheep (Lair:3)
  Prince Ribbit (D:5)
  4 blink frogs
  3 slime creatures (D:10)
  4 wyverns
  A vampire (D:10)
  4 water elementals
  Grum (D:8)
  A basilisk (Lair:5)
  A wraith (D:10)
  3 vampire mosquitoes
  21 yaks
  Menkaure (D:5)
  6 acid dragons
  A hell hound (Gauntlet)
  8 water moccasins
  3 orc warriors
  A black bear (D:4)
  5 ogres
  An elephant zombie (Lair:5)
  8 centaurs
  11 wolves
  A slime creature simulacrum (IceCv)
  A phantom (D:5)
  4 bullfrogs
  A kobold brigand (D:10)
  2 gnoll sergeants
  3 scorpions
  A yak zombie (Lair:1)
  5 killer bees
  6 electric eels
  8 howler monkeys
  A wolf zombie (Lair:1)
  A lava snake (D:9)
  2 centaur zombies (D:13)
  10 orc priests
  Crazy Yiuf (D:7)
  6 jellies
  3 gnoll boudas
  5 hounds
  An iguana (D:5)
  Natasha (D:3)
  12 orc wizards
  A hound skeleton (D:3)
  6 adders
  11 gnolls
  4 white imps
  6 ufetubi
  A ribbon worm (D:2)
  4 dart slugs
  22 orcs
  7 ball pythons
  5 bats
  An endoplasm (D:2)
  2 giant cockroaches
  7 goblins
  8 hobgoblins
  3 jackals
  2 quokkas
  3 frilled lizards
  A giant cockroach zombie (D:3)
  11 kobolds
  A rat (D:1)
327 creatures vanquished.

Vanquished Creatures (collateral kills)
  A catoblepas (Lair:5)
  4 death yaks (Lair:5)
  A bog body (Lair:3)
  An ugly thing (D:11)
  2 oklob plants (Lair:5)
  A manticore (D:10)
  3 elephants
  2 torpor snails
  2 cane toads
  A gargoyle (D:10)
  A black mamba (Lair:1)
  5 rime drakes
  A kobold demonologist (D:11)
  3 komodo dragons
  A tengu conjurer (D:13)
  A queen bee (Gauntlet)
  4 blink frogs
  3 dream sheep
  A culicivora (Lair:2)
  A slime creature (D:10)
  A shadow (D:11)
  4 wyverns
  A wraith (D:10)
  A yak (shapeshifter) (D:13)
  7 yaks
  2 basilisks (Lair:2)
  A vampire mosquito (D:12)
  9 water moccasins
  A black bear (Lair:2)
  An orc warrior (Orc:1)
  5 wolves
  An ogre (D:13)
  5 centaurs
  A kobold brigand (D:6)
  7 bullfrogs
  A glowing shapeshifter simulacrum (IceCv)
  4 electric eels
  2 jellies (D:10)
  A shapeshifter simulacrum (IceCv)
  A hound zombie (D:3)
  5 gnolls
  8 white imps (Orc:1)
  An adder skeleton (D:3)
  A dart slug (D:2)
  7 orcs
  An endoplasm (D:1)
  A quokka (D:2)
  A ball python skeleton (D:3)
  A frilled lizard (D:3)
  A quokka skeleton (D:3)
122 creatures vanquished.

Vanquished Creatures (others)
  A hell beast (Gauntlet)
  3 hydras
  A boulder beetle (D:10)
  5 death yaks
  A centaur warrior (D:13)
  A lindwurm (Lair:5)
  An orc sorcerer (Orc:1)
  2 deep elf pyromancers (D:10)
  2 ugly thing zombies (D:11)
  4 ugly things
  3 cyclopes (D:13)
  3 meliai (D:13)
  3 elephants
  A torpor snail (Lair:1)
  An unseen horror (D:11)
  A cane toad (Lair:2)
  A cane toad (shapeshifter) (D:11)
  A komodo dragon (Lair:5)
  5 death yak zombies (Lair:5)
  A rime drake (Lair:1)
  2 trolls
  A blink frog (Lair:2)
  3 dream sheep
  3 culicivoras (Lair:2)
  A water elemental (D:11)
  A wraith (D:10)
  A shadow (D:11)
  2 wyverns
  6 yaks
  2 basilisks
  3 vampire mosquitoes (D:12)
  A swamp worm (Lair:3)
  A cane toad zombie (Lair:1)
  A hell hound (Gauntlet)
  An orc warrior (D:10)
  A black bear (Lair:5)
  A lindwurm zombie (Lair:5)
  2 elf zombies
  5 blink frog zombies
  9 elephant zombies
  An ogre (D:13)
  2 centaurs
  3 wolves
  A komodo dragon zombie (D:11)
  A gnoll sergeant (D:11)
  A bullfrog (Lair:3)
  2 hell hound zombies (Gauntlet)
  4 water moccasin zombies (Lair:1)
  2 cyclops zombies
  3 wyvern zombies
  A polar bear zombie (Lair:5)
  3 troll zombies
  4 killer bees (Gauntlet)
  7 yak zombies
  A queen bee zombie (Gauntlet)
  3 wolf zombies (Lair:1)
  3 centaur zombies
  4 bullfrog zombies
  2 orc priests
  An orc wizard (Orc:1)
  6 killer bee zombies (Gauntlet)
  An acid dragon zombie (D:11)
  An ogre zombie (Orc:1)
  3 gnolls (D:11)
  A gnoll zombie (D:11)
  2 white imps (Orc:1)
  10 orc zombies
  2 orcs (Orc:1)
  3 kobold zombies (D:10)
  30 blazeheart cores
196 creatures vanquished.

Grand Total: 645 creatures vanquished

Notes
Turn   | Place    | Note
-------+----------+-------------------------------------------
     0 | D:1      | croobank the Demigod Necromancer began the quest for the
                  | Orb.
     0 | D:1      | Reached XP level 1. HP: 14/14 MP: 5/5
   185 | D:1      | Found Suafoef's Magic Scroll Emporium.
   265 | D:1      | Reached XP level 2. HP: 20/22 MP: 5/7
  1116 | D:2      | Reached skill level 1 in Fighting
  1273 | D:2      | Reached XP level 3. HP: 28/28 MP: 6/8
  1301 | D:2      | Identified the +4 robe "Icseuh" {Will+ Str+2 SInv}
  1979 | D:3      | Reached XP level 4. HP: 31/35 MP: 1/10
  2212 | D:3      | Found Vireba Ugev's Armour Shoppe.
  2783 | D:3      | Identified the +1 war axe of the Bear {pain, ^Contam rElec
                  | Int+5 SInv}
  2806 | D:3      | Noticed Natasha
  2813 | D:3      | Killed Natasha
  2831 | D:3      | Reached XP level 5. HP: 39/41 MP: 7/11
  2841 | D:3      | Identified the +6 dagger "Ytosif" {pain, rElec rN+ Str+4}
  3060 | D:4      | Found the +4 robe of Augmentation {Str+4 Int+4 Dex+4}
  3264 | D:4      | Noticed a black bear
  3269 | D:4      | Killed a black bear
  3351 | D:4      | Reached XP level 6. HP: 42/48 MP: 9/13
  3729 | D:4      | Found Gesacot's Magic Scroll Shoppe.
  3736 | D:4      | Bought a scroll of identify for 26 gold pieces
  3736 | D:4      | Bought a scroll of identify for 26 gold pieces
  3736 | D:4      | Bought 2 scrolls of teleportation for 78 gold pieces
  3736 | D:4      | Bought a scroll of revelation for 97 gold pieces
  3823 | D:1      | Bought a scroll of identify for 26 gold pieces
  3889 | D:5      | Entered Level 5 of the Dungeon
  3889 | D:5      | Noticed Menkaure
  3980 | D:5      | Found a transporter.
  3993 | D:5      | Killed Menkaure
  4089 | D:5      | Found a transporter.
  4216 | D:5      | Reached XP level 7. HP: 38/56 MP: 9/15
  4265 | D:5      | Reached skill level 5 in Necromancy
  4339 | D:5      | Noticed Prince Ribbit
  4351 | D:5      | Killed Prince Ribbit
  4421 | D:5      | Found a staircase to the Ecumenical Temple.
  5065 | D:6      | Reached XP level 8. HP: 30/66 MP: 15/17
  5501 | D:6      | Identified the +0 pair of gloves of the Comet {rN++ Int+3}
  5918 | D:6      | Noticed a troll
  5931 | D:6      | Killed a troll
  5932 | D:6      | Reached skill level 5 in Stealth
  5935 | D:6      | Found Weyheeha's Weapon Emporium.
  6176 | D:6      | Found Saebanos's Distillery.
  6179 | D:6      | Bought a potion of resistance for 110 gold pieces
  6203 | D:6      | Found Bocifag's Antique Weapon Shop.
  6815 | D:6      | Reached skill level 5 in Dodging
  6917 | D:7      | Noticed Fodor's ghost (novice MiFi)
  6921 | D:7      | Found a runed translucent gate.
  6921 | D:7      | Found a runed translucent gate.
  6921 | D:7      | Found a runed translucent gate.
  7425 | D:7      | Found a runed translucent door.
  7426 | D:7      | Noticed Crazy Yiuf
  7435 | D:7      | Killed Crazy Yiuf
  7436 | D:7      | Reached skill level 1 in Short Blades
  7785 | D:8      | Found Hogaqocw's Jewellery Boutique.
  7928 | D:8      | Noticed Gastronok
  7956 | D:8      | Killed Gastronok
  7957 | D:8      | Reached skill level 5 in Fighting
  7957 | D:8      | Reached skill level 5 in Spellcasting
  7957 | D:8      | Reached XP level 9. HP: 10/74 MP: 18/20
  8425 | D:8      | Noticed Grum
  8445 | D:8      | Killed Grum
  9383 | D:1      | Bought a scroll of vulnerability for 52 gold pieces
  9383 | D:1      | Bought a scroll of identify for 26 gold pieces
  9383 | D:1      | Bought a scroll of identify for 26 gold pieces
  9383 | D:1      | Bought a scroll of immolation for 52 gold pieces
  9972 | D:9      | Identified the blade talisman of Epel {Dex+4}
 10015 | D:9      | Reached XP level 10. HP: 82/82 MP: 20/22
 10456 | D:9      | Reached skill level 5 in Short Blades
 10646 | D:9      | Identified the +1 rapier "Huc Memn" {drain, ^Drain Int+3
                  | Dex+4 Stlth+}
 10652 | D:9      | Learned a level 4 spell: Animate Dead
 10657 | D:9      | Learned a level 4 spell: Anguish
 10885 | D:9      | Noticed Harold
 10940 | D:10     | Entered Level 10 of the Dungeon
 10983 | D:10     | Noticed a two-headed ogre
 11016 | D:10     | Killed a two-headed ogre
 11311 | D:10     | Noticed a boulder beetle
 11333 | D:10     | Killed a boulder beetle
 11704 | D:10     | Reached XP level 11. HP: 70/91 MP: 20/24
 12076 | D:10     | Found Xotirch's Distillery.
 12077 | D:10     | Noticed a deep elf pyromancer
 12094 | D:10     | Killed a deep elf pyromancer
 12427 | D:10     | Noticed a deep elf pyromancer
 12438 | D:10     | Killed a deep elf pyromancer
 12616 | D:10     | Bought a potion of heal wounds for 75 gold pieces
 12616 | D:10     | Bought a potion of might for 60 gold pieces
 12660 | D:10     | Noticed a centaur warrior
 12674 | D:10     | Killed a centaur warrior
 13172 | D:10     | Found a staircase to the Lair.
 13458 | D:11     | Noticed Fannar
 13490 | D:11     | Killed Fannar
 13647 | D:11     | Your ally Fannar died
 13795 | D:11     | Noticed a sixfirhy
 14162 | D:11     | Found Zoahoow's Magic Scroll Shoppe.
 14175 | D:11     | Bought a scroll of fog for 60 gold pieces
 14175 | D:11     | Bought 3 scrolls of identify for 90 gold pieces
 14175 | D:11     | Bought a scroll of identify for 30 gold pieces
 14175 | D:11     | Bought a scroll of identify for 30 gold pieces
 14482 | D:11     | Reached XP level 12. HP: 25/101 MP: 2/27
 15313 | D:12     | Found a gate leading to a gauntlet.
 15321 | Gauntlet | Entered a Gauntlet
 15321 | Gauntlet | Found a transporter.
 15321 | Gauntlet | Found a transporter.
 15330 | Gauntlet | Found a transporter.
 15334 | Gauntlet | Found a transporter.
 15342 | Gauntlet | Found a transporter.
 15346 | Gauntlet | Found a transporter.
 15349 | Gauntlet | Noticed a hell beast
 15354 | Gauntlet | Found a transporter.
 15370 | Gauntlet | Found a transporter.
 15372 | Gauntlet | Noticed a ghost crab
 15379 | Gauntlet | Found a transporter.
 15398 | Gauntlet | Found a transporter.
 15413 | Gauntlet | Found a transporter.
 15450 | Gauntlet | Learned a level 4 spell: Summon Blazeheart Golem
 15454 | Gauntlet | Learned a level 3 spell: Call Canine Familiar
 15520 | Gauntlet | Found a transporter.
 15537 | Gauntlet | Reached skill level 1 in Summonings
 15537 | Gauntlet | Reached skill level 1 in Fire Magic
 15730 | Gauntlet | Killed a hell beast
 15733 | Gauntlet | Identified the +5 falchion "Cyjeawn" {freeze, Fly Str-4
                  | Int+2}
 15914 | Gauntlet | Noticed a minotaur
 15951 | Gauntlet | Killed a minotaur
 16108 | D:12     | Found a staircase to the Orcish Mines.
 16206 | D:12     | Found a runed translucent gate.
 16206 | D:12     | Found a runed translucent gate.
 16206 | D:12     | Found a runed translucent gate.
 16207 | D:12     | Noticed Nuqaaja's ghost (journeyman GnWn)
 16459 | D:13     | Noticed a boulder beetle
 16470 | D:13     | Killed a boulder beetle
 16683 | D:13     | Noticed Lodul
 16683 | D:13     | Noticed a centaur warrior
 16701 | D:13     | Killed a centaur warrior
 16701 | D:13     | Killed Lodul
 16703 | D:13     | Noticed a centaur warrior
 16720 | D:13     | Killed a centaur warrior
 16981 | D:13     | Reached skill level 5 in Summonings
 17013 | D:13     | Noticed a centaur warrior
 17023 | D:13     | Noticed a centaur warrior
 17030 | D:13     | Reached skill level 5 in Fire Magic
 17030 | D:13     | Killed a centaur warrior
 17035 | D:13     | Killed a centaur warrior
 17036 | D:13     | Reached XP level 13. HP: 87/108 MP: 15/29
 17468 | D:13     | Learned a level 2 spell: Blink
 17558 | Lair:1   | Entered Level 1 of the Lair of Beasts
 17782 | Lair:1   | Reached skill level 1 in Translocations
 19705 | Lair:2   | Found a hole to the Spider Nest.
 20509 | Lair:2   | Reached skill level 10 in Necromancy
 21262 | Lair:3   | Found a staircase to the Swamp.
 21966 | Lair:4   | Reached XP level 14. HP: 93/118 MP: 20/31
 22236 | Lair:4   | Found a dark tunnel.
 22383 | Lair:5   | Entered Level 5 of the Lair of Beasts
 22391 | Lair:5   | Learned a level 5 spell: Summon Mana Viper
 22426 | Lair:5   | Reached skill level 1 in Hexes
 22431 | Lair:5   | Reached skill level 1 in Long Blades
 22431 | Lair:5   | Reached skill level 1 in Shields
 23129 | Lair:5   | Reached skill level 10 in Fighting
 23603 | Lair:5   | Upgraded the game from 0.32-a0-791-gfc315c9ecd to
                  | 0.32-a0-799-g95e1662365
 23611 | Lair:5   | Found a staircase to the Slime Pits.
 23837 | Lair:5   | Identified the +6 shortbow "Piapryohu" {elec, *Corrode
                  | rPois rC+ Int+3}
 24128 | Orc:1    | Entered Level 1 of the Orcish Mines
 24134 | Orc:1    | Found a frozen archway.
 24140 | Orc:1    | Reached skill level 10 in Stealth
 24140 | Orc:1    | Reached skill level 5 in Translocations
 24560 | IceCv    | Entered an ice cave
 24647 | IceCv    | Killed from afar by an ice statue

Illustrated notes

Levels and vault maps discovered:
D:1:      psy_arrival_dodecagon, layout_basic, serial_shops, shop,
          kennysheep_crisscross
D:2:      layout_basic, shapermc_ecumenical_altar_mp_highgroup, basic_altar
D:3:      layout_loops_ring, mainiacjoe_overflow_concentric_impassable,
          nicolae_kikubaaqudgha_miasma_corner, serial_shops, shop_statue,
          dilly_guarded_unrand_morg
D:4:      layout_loops_ring, amcnicky_altar_gilded, serial_shops, shop
D:5:      gammafunk_steamed_eel, layout_loops_ring, temple_pool_b, minivault_25,
          uniq_menkaure, uniq_prince_ribbit1
D:6:      layout_layer_cave, marbit_many_paths, serial_shops,
          kennysheep_mini_moat, nicolae_shop_tiny_real_fake_doors, shop,
          minmay_a_box_with_orc_wizards_in_it
D:7:      layout_loops_cross, overflow_temple_1_default,
          mainiacjoe_overflow_divided_tiny, gammafunk_ghost_split,
          uniq_crazy_yiuf_cottage
D:8:      layout_loops_ring, grunt_ministairs_11,
          minmay_shop_enchanted_jewellery, uniq_grum, uniq_gastronok
D:9:      layout_big_octagon, mainiacjoe_overflow_boulevard,
          mainiacjoe_overflow_surrounded_room, grunt_ministairs_15, uniq_harold
D:10:     regret_index_early_branch_jog, layout_irregular_city,
          david_lair_shrubbed, small_chamber_with_monster
D:11:     minmay_clustersquares, layout_long_grid, serial_bayou,
          serial_bayou_shore_b, serial_bayou_shore_b, serial_bayou_lake_a,
          serial_bayou_shore_b, serial_bayou_lagoon_a, serial_shops,
          nicolae_lakefront_shop, uniq_fannar
D:12:     layout_long_grid, orc_0_dummy, gauntlet_entry_generic,
          gammafunk_ghost_necromancy, nicolae_dithmenos_shadow_blocks
D:13:     layout_cave_pools, uniq_lodul
Lair:1:   layout_cave_pods
Lair:2:   layout_chaotic_city, hellmonk_spider_entry_life_and_decay
Lair:3:   layout_chaotic_city, nicolae_swamp_entry_splash_gauntlet
Lair:4:   layout_big_grid, enter_volcano_2
Lair:5:   grunt_lair_end_beastmaster, layout_hall_layers,
          minmay_slime_entry_oklob_enclosed, grunt_megastairs_3,
          lemuel_fruit_tree, lemuel_fruit_fields
Orc:1:    layout_caves, portal_ice_cave_entry_imps
IceCv:    ice_cave_hellmonk_azure_passage

Skill      XL: |  1  2  3  4  5  6  7  8  9 10 11 12 13 14 |
---------------+-------------------------------------------+-----
Stealth        | 2 3 4 6 7 9 10 | 10.0
Dodging        | 2 3 4 5 6 7 8 9 |  9.3
Spellcasting   | 2 3 4 5 6 7 8 9 |  9.5
Fighting       | 1 2 3 5 6 8 9 10 | 10.0
Necromancy     | 4 5 6 7 9 10 | 10.0
Short Blades   | 3 4 5 |  5.0
Summonings     | 5 7 |  7.8
Fire Magic     | 5 7 |  7.1
Translocations | 4 5 |  5.0
Hexes          | 3 |  3.7
Long Blades    | 2 |  2.5
Shields        | 2 |  2.5

Action                     |  1- 3 |  4- 6 |  7- 9 | 10-12 | 13-15 || total
---------------------------+-------+-------+-------+-------+-------++-------
  Melee: Whip              |    26 |       |       |       |       ||    26
         Dagger            |       |    58 |   206 |   398 |    44 ||   706
         Long sword        |       |       |       |     4 |       ||     4
         Falchion          |       |       |       |    48 |   339 ||   387
  Throw: Javelin           |       |       |    19 |    10 |       ||    29
         Throwing net      |       |       |     2 |     1 |       ||     3
   Cast: Necrotise         |    70 |    69 |    80 |    19 |       ||   238
         Anguish           |       |       |       |    75 |   104 ||   179
         Animate Dead      |       |       |       |    18 |    18 ||    36
         Summon Blazeheart |       |       |       |     9 |    49 ||    58
         Call Canine Famil |       |       |       |     2 |     8 ||    10
         Blink             |       |       |       |       |    10 ||    10
         Summon Mana Viper |       |       |       |       |     5 ||     5
  Evoke: Wand              |       |       |    11 |    17 |     6 ||    34
         Box of beasts     |       |       |       |       |     1 ||     1
    Use: Scroll            |       |    12 |     2 |    13 |     6 ||    33
         Potion            |       |       |     6 |    11 |     6 ||    23
   Stab: Sleeping          |     1 |     1 |     4 |     6 |     4 ||    16
         Distracted        |       |     2 |       |     3 |     4 ||     9
         Paralysed         |       |       |     5 |     1 |       ||     6
         Held in net/web   |       |       |     2 |       |       ||     2
         Invisible         |       |       |       |     1 |       ||     1
 Armour: Robe              |    57 |    80 |   205 |   479 |   408 ||  1229
         Skin              |       |       |    10 |       |       ||    10
         Leather armour    |       |       |       |       |    43 ||    43
  Dodge: Dodged            |    39 |    88 |   204 |   444 |   387 ||  1162
  Block: Buckler           |       |       |       |    52 |   184 ||   236

Table legend: (Time is in decaauts)
 A = Elapsed time spent in this place.
 B = Non-inter-level travel time spent in this place.
 C = Inter-level travel time spent in this place.
 D = Time resting spent in this place.
 E = Time spent auto-exploring this place.
 F = Levels seen in this place.
 G = Mean time per level.
                   A        B        C        D        E       F      G
               +--------+--------+--------+--------+--------+-----+--------+
         Total |  24718 |  23192 |   1526 |   4420 |  13387 |  21 | 1177.0 |
       Dungeon |  16932 |  15879 |   1053 |   3554 |   9258 |  13 | 1302.5 |
          Lair |   6822 |   6353 |    469 |    491 |   4034 |   5 | 1364.4 |
  Orcish Mines |     79 |     75 |      4 |      0 |      0 |   1 |   79.0 |
      Ice Cave |     91 |     91 |      0 |     13 |      2 |   1 |   91.0 |
      Gauntlet |    793 |    793 |      0 |    362 |     93 |   1 |  793.0 |
               +--------+--------+--------+--------+--------+-----+--------+

Top non-repeatable levels by time:
    D:10: 2615 daAuts
     D:6: 1919 daAuts
     D:8: 1802 daAuts
  Lair:1: 1718 daAuts
  Lair:5: 1681 daAuts
    D:11: 1610 daAuts
  Lair:2: 1462 daAuts
  Lair:3: 1202 daAuts
     D:2: 1086 daAuts
     D:5: 1085 daAuts
     D:9: 1053 daAuts
     D:3: 1049 daAuts
     D:7: 1021 daAuts
     D:4: 975 daAuts
    D:12: 948 daAuts
